 Dungeon Crawl Stone Soup version 0.21-a0-401-g0b6bec4 (webtiles) character file.

3220 Monsterracer the Cleaver (level 9, -1/81 HPs)
             Began as a Hill Orc Enchanter on Oct 24, 2017.
             Was a Follower of Beogh.
             Slain by a wyvern (11 damage)
             ... on level 10 of the Dungeon.
             The game lasted 00:21:37 (12741 turns).

Monsterracer the Cleaver (Hill Orc Enchanter)      Turns: 12741, Time: 00:21:38

Health: -1/81      AC: 10    Str: 19    XL:     9   Next: 97%
Magic:  21/21      EV: 10    Int: 21    God:    Beogh [*.....]
Gold:   528        SH:  0    Dex: 11    Spells: 11/11 levels left

rFire    . . .     SeeInvis .   b - +0 war axe
rCold    . . .     Gourm    .   (no shield)
rNeg     . . .     Faith    .   l - +0 scale mail
rPois    .         Spirit   .   (no helmet)
rElec    .         Reflect  .   j - +0 cloak
rCorr    .         Harm     .   B - +0 pair of gloves
MR       .....                  (no boots)
Stlth    +.........             (no amulet)
HPRegen  0.23/turn              r - ring of magical power
MPRegen  0.17/turn              A - +6 ring of intelligence

@: mighty
A: no striking features
a: Renounce Religion


You were on level 10 of the Dungeon.
You worshipped Beogh.
Beogh was aware of your devotion.
You were not hungry.

You visited 1 branch of the dungeon, and saw 10 of its levels.
You also visited: Ossuary.

You collected 528 gold pieces.

Inventory:

Hand Weapons
 a - a +2 flail of protection
 b - a +0 war axe (weapon)
 z - a +2 flail of holy wrath
Armour
 j - a +0 cloak (worn)
 l - a +0 scale mail (worn)
 n - a +0 plate armour
 p - a +0 chain mail
 t - a +0 shield
 y - a +2 leather armour of cold resistance
 B - a +0 pair of gloves (worn)
 F - a +2 chain mail of fire resistance
Jewellery
 r - a ring of magical power (left hand)
 x - an uncursed ring of magical power
 A - a +6 ring of intelligence (right hand)
Wands
 o - a wand of iceblast (11/15)
 u - a wand of acid (15/15)
Scrolls
 f - 6 scrolls of remove curse
 h - 7 scrolls of teleportation
 k - 2 scrolls of enchant weapon
Potions
 c - 3 potions of haste
 g - 2 potions of cancellation
 m - a potion of resistance
 q - a potion of mutation
 s - a potion of degeneration
 v - a potion of curing
 C - a potion of lignification {unknown}
 D - a potion of brilliance {unknown}
 E - 2 potions of berserk rage {unknown}
 G - a potion of agility {unknown}
Comestibles
 d - 11 bread rations
 e - 3 meat rations


   Skills:
 + Level 8.2 Fighting
   Level 1.0 Short Blades
 * Level 11.8 Axes
 + Level 6.3 Armour
 - Level 1.8 Dodging
 - Level 2.4 Stealth
 - Level 1.5 Spellcasting
   Level 3.0 Hexes
 + Level 4.5 Invocations


You had 11 spell levels left.
You didn't know any spells.

Dungeon Overview and Level Annotations

Branches:
Dungeon (11/15)            Temple (0/1) D:7
   Lair: D:8-11         Orc: D:9-12

Altars:
Ashenzari
Fedhas


Message History

Health restored: 81 The centaur zombie barely misses you.
The centaur zombie hits you.
You take 4 damage, and have 77/81 hp.
The centaur zombie hits you but does no damage.
The centaur zombie hits you.
You take 6 damage, and have 72/81 hp.
The centaur zombie hits you but does no damage.
The centaur zombie closely misses you.
A kobold and a big kobold come into view.
The big kobold shouts!
The kobold shouts!
The centaur zombie barely misses you.
A kobold comes into view. It is wielding a dagger.
The big kobold throws a stone.
The stone hits you.
You see here a stone.
You take 1 damage, and have 73/81 hp.
The centaur zombie closely misses you.
You see here a shiny chain mail.
F - a shiny chain mail The centaur zombie hits you but does no damage.
You slash the kobold!
You kill the kobold!
Beogh accepts your kill.
You slash the big kobold! You slash the centaur zombie!
You barely miss the troll.
The centaur zombie hits you but does no damage.
The troll bites you. The troll claws you but does no damage.
The troll barely misses you. The big kobold hits you with a whip.
You take 4 damage, and have 69/81 hp.
The kobold barely misses you. The centaur zombie barely misses you.
The troll closely misses you. The troll claws you but does no damage.
The troll barely misses you. The big kobold hits you with a whip.
You take 2 damage, and have 67/81 hp.
The kobold hits you but does no damage. The centaur zombie barely misses you.
The kobold barely misses you. The troll bites you. The troll claws you. x2
You take 14 damage, and have 54/81 hp.
The centaur zombie hits you.
The centaur zombie hits you but does no damage.
The centaur zombie closely misses you.
There is an open door here.
You hit the centaur zombie.
The centaur zombie is severely damaged.
The centaur zombie hits you but does no damage.
You slash the centaur zombie!
The centaur zombie is almost destroyed.
The centaur zombie hits you but does no damage.
The centaur zombie hits you.
You take 2 damage, and have 54/81 hp.
You hit the centaur zombie.
The centaur zombie is almost destroyed.
The centaur zombie hits you but does no damage.
You hit the centaur zombie.
You destroy the centaur zombie!
Beogh accepts your kill.
The big kobold throws a stone.
The stone hits you but does no damage.
You see here a stone.
The troll barely misses you.
The troll claws you but does no damage. x2
The big kobold throws a stone.
The stone misses you.
The big kobold throws a stone.
The stone hits you.
You see here a stone.
You take 1 damage, and have 56/81 hp.
There is an open door here.
There is an escape hatch in the ceiling here.
Really go through this one-way escape hatch?
The troll bites you!
The troll claws you but does no damage. x2
A mysterious force pulls you upwards. The hatch slams shut behind you.
Found 21 gold pieces.
You take 8 damage, and have 50/81 hp.
A wyvern comes into view.
The wyvern hisses angrily.
The wyvern bites you.
You take 4 damage, and have 48/81 hp.
Okay, then.
Unknown command.
Okay, then.
As you read the scroll of fear, it crumbles to dust.
You assume a fearsome visage.
The wyvern looks frightened!
The troll looks frightened!
The wyvern seems to regain its courage.
The wyvern bites you but does no damage.
You hit the wyvern.
The wyvern is lightly wounded.
The wyvern bites you!
* * * LOW HITPOINT WARNING * * *
The wyvern bites you.
* * * LOW HITPOINT WARNING * * *
You take 18 damage, and have 33/81 hp.
MASSIVE DAMAGE!!
Unknown command.
Unknown command.
You slash the wyvern!
The wyvern is moderately wounded.
The wyvern bites you!
* * * LOW HITPOINT WARNING * * *
You take 15 damage, and have 18/81 hp.
Unknown command.
You feel very mighty all of a sudden. The wyvern bites you!
* * * LOW HITPOINT WARNING * * *
The wyvern bites you!
You die...

#############
#.......@l..#
#.#########.#
#.# #.#
#.#########
#.........#
#########.#
...$....#
#########


You could see a wyvern.

Vanquished Creatures
  Prince Ribbit (D:6)
  A spriggan (D:7)
  Edmund (D:6)
  A black bear (D:8)
  An eye of draining (D:11)
  An orc warrior (D:6)
  2 ice beasts
  4 phantoms
  2 ogres
  2 centaurs (D:5)
  A big kobold (D:8)
  2 bullfrogs
  A water moccasin zombie (D:8)
  3 scorpions
  3 howler monkeys (D:8)
  3 wights (D:7)
  A centaur zombie (D:11)
  A crimson imp (D:5)
  A bullfrog zombie (D:11)
  2 hounds
  2 bullfrog skeletons
  A jelly (D:6)
  A gnoll shaman (D:8)
  2 orc priests
  2 iguanas
  6 orc wizards
  6 worker ants
  A hound zombie (D:8)
  A hound skeleton (D:5)
  3 mummies (D:5)
  A worker ant zombie (D:5)
  3 gnolls (D:8)
  6 adders
  A shadow imp (D:11)
  An ooze (D:2)
  An adder skeleton (D:4)
  2 worms
  2 dart slugs (D:1)
  6 leopard geckos
  17 orcs
  4 bats
  8 giant cockroaches
  4 goblins
  4 hobgoblins
  10 jackals
  11 kobolds
  7 quokkas
  3 ball pythons
  A ball python skeleton (D:5)
  5 frilled lizards
  A jackal zombie (D:5)
  A leopard gecko skeleton (D:5)
  4 rats
162 creatures vanquished.

Vanquished Creatures (others)
  2 orc wizards
  An orc (D:7)
  A giant cockroach (D:7)
4 creatures vanquished.

Grand Total: 166 creatures vanquished

Notes
Turn   | Place    | Note
-------+----------+-------------------------------------------
     0 | D:1      | Monsterracer the Hill Orc Enchanter began the quest for the Orb.
     0 | D:1      | Reached XP level 1. HP: 14/14 MP: 3/3
    19 | D:1      | HP: 4/14 [kobold/dagger (4)]
    29 | D:1      | Reached skill level 1 in Fighting
    30 | D:1      | HP: 5/16 [dart slug (1)]
    37 | D:1      | HP: 1/16 [dart slug/slug dart (4)]
   368 | D:1      | Reached XP level 2. HP: 14/24 MP: 1/4
   369 | D:1      | HP: 8/24 [kobold/short sword of freezing (6)]
   372 | D:1      | HP: 3/24 [kobold/short sword of freezing (1)]
   425 | D:1      | HP: 2/24 [kobold/short sword of freezing (5)]
   471 | D:1      | HP: 1/24 [hobgoblin/club (4)]
   563 | D:1      | HP: 6/24 [goblin (2)]
   587 | D:1      | HP: 6/24 [goblin (2)]
   603 | D:2      | HP: 5/24 [rat (2)]
   678 | D:2      | HP: 7/24 [hobgoblin/club (3)]
   924 | D:2      | HP: 12/24 [frilled lizard (3)]
  1471 | D:2      | Reached XP level 3. HP: 19/31 MP: 5/5
  1477 | D:2      | HP: 15/31 [goblin/dagger (1)]
  3085 | D:3      | Reached XP level 4. HP: 39/40 MP: 6/6
  3425 | D:3      | Reached skill level 1 in Armour
  3859 | D:3      | Reached skill level 1 in Axes
  4068 | D:3      | Reached skill level 2 in Axes
  4743 | D:4      | Noticed a phantom
  4838 | D:3      | HP: 11/40 [iguana (11)]
  4885 | D:3      | Reached skill level 3 in Axes
  4885 | D:3      | Reached XP level 5. HP: 20/46 MP: 7/7
  5113 | D:4      | HP: 23/46 [phantom (2)]
  5127 | D:4      | Killed a phantom
  5127 | D:4      | Reached skill level 5 in Axes
  5127 | D:4      | Reached XP level 6. HP: 28/52 MP: 8/8
  5950 | D:4      | Reached skill level 6 in Axes
  6147 | D:5      | Entered Level 5 of the Dungeon
  6252 | D:5      | Found a blossoming altar of Fedhas.
  6324 | D:5      | HP: 25/53 [centaur (3)]
  6332 | D:5      | Reached XP level 7. HP: 29/60 MP: 9/9
  6589 | D:5      | Reached skill level 5 in Fighting
  6620 | D:5      | Reached skill level 7 in Axes
  6761 | D:5      | Found a sand-covered staircase.
  6794 | Ossuary  | Entered an ossuary
  6805 | Ossuary  | HP: 28/61 [mummy (14)]
  6806 | Ossuary  | HP: 7/61 [mummy (13)]
  6848 | D:5      | HP: 12/61 [mummy (3)]
  7375 | D:4      | HP: 30/61 [ice beast (7)]
  7596 | D:5      | Reached skill level 8 in Axes
  7596 | D:5      | Reached XP level 8. HP: 46/70 MP: 10/10
  8141 | D:6      | Noticed Prince Ribbit
  8261 | D:6      | Noticed Edmund
  8284 | D:6      | Killed Edmund
  8284 | D:6      | Reached skill level 9 in Axes
  8750 | D:6      | HP: 32/70 [Prince Ribbit (13)]
  8995 | D:6      | Killed Prince Ribbit
  9296 | D:6      | HP: 34/71 [orc wizard/magic dart (5)]
  9308 | D:6      | HP: 34/71 [orc wizard/dagger of freezing (3)]
  9601 | D:7      | HP: 29/71 [orc priest/divine providence (15)]
  9606 | D:7      | HP: 7/71 [orc priest/divine providence (10)]
  9608 | D:7      | Reached skill level 10 in Axes
  9960 | D:7      | HP: 28/71 [orc warrior/scimitar (13)]
  9972 | D:7      | HP: 27/71 [orc wizard/magic dart (4)]
  9978 | D:7      | HP: 6/71 [orc wizard/magic dart (11)]
  9979 | D:7      | Became a worshipper of Beogh the Brigand
 10296 | D:7      | Found a staircase to the Ecumenical Temple.
 10414 | D:7      | Reached skill level 5 in Armour
 10538 | D:7      | Reached XP level 9. HP: 79/79 MP: 11/11
 10620 | D:7      | Noticed a troll
 10719 | D:7      | Reached skill level 1 in Invocations
 11322 | D:8      | Reached skill level 11 in Axes
 12269 | D:8      | Found a shattered altar of Ashenzari.
 12284 | D:8      | You fall through a shaft for 3 floors!
 12309 | D:11     | Reached * piety under Beogh
 12646 | D:11     | Noticed a troll
 12719 | D:10     | Entered Level 10 of the Dungeon
 12739 | D:10     | HP: 39/81 [wyvern (12)]
 12740 | D:10     | HP: 18/81 [wyvern (15)]
 12741 | D:10     | Slain by a wyvern

Vault maps used:
D:1:      dpeg_arrival_rhombi
D:3:      first_bread
D:4:      hex_medium
D:5:      nicolae_ossuary_entry_plus, fedhas_bush_and_centaur_altar
D:6:      abandoned_shop, uniq_prince_ribbit1, uniq_edmund
D:7:      minmay_temple_entry_butterflies, the_bakery
D:8:      basic_altar
Ossuary:  ossuary_minmay_chase

Skill      XL: |  1  2  3  4  5  6  7  8  9 |
---------------+----------------------------+-----
Fighting       | 1 3 4 5 7 8 |  8.2
Armour         | 1 2 3 5 6 |  6.3
Axes           | 3 5 6 8 10 11 | 11.8
Invocations    | 4 |  4.5
Short Blades   | |  1.0
Dodging        | |  1.8
Stealth        | |  2.4
Spellcasting   | |  1.5
Hexes          | |  3.0

Action                   |  1- 3 |  4- 6 |  7- 9 || total
-------------------------+-------+-------+-------++-------
Melee: Dagger            |   185 |       |       ||   185
       Short sword       |    23 |    40 |       ||    63
       Flail             |       |   154 |   288 ||   442
       War axe           |       |       |   227 ||   227
       Unarmed           |       |       |    12 ||    12
 Cast: Corona            |     6 |       |       ||     6
Invok: Convert to Beogh  |       |       |     1 ||     1
  Use: Scroll            |     3 |     7 |     8 ||    18
       Potion            |     1 |       |     1 ||     2
 Stab: Sleeping          |     2 |       |       ||     2
  Eat: Chunk             |     7 |     4 |    13 ||    24
       Fruit             |       |     1 |     2 ||     3
       Meat ration       |       |     1 |     1 ||     2
       Royal jelly       |       |       |     1 ||     1
Armor: Robe              |    13 |       |       ||    13
       Ring mail         |    28 |     4 |       ||    32
       Scale mail        |       |   103 |   288 ||   391
Dodge: Dodged            |   129 |   111 |   249 ||   489

Table legend:
 A = Spawn XP
 B = Non-spawn XP
 C = Spawn XP percentage of total XP
 D = Spawn monster count
 E = Non-spawn monster count
 F = Spawn count percentage of total count
 G = Total turns spent on level
                    A         B        C        D         E        F      G
               +---------+---------+-------+---------+---------+-------+---------
         Total |       0 |    4601 |   0.0 |       0 |     163 |   0.0 | 12741
               +---------+---------+-------+---------+---------+-------+---------
           D:1 |       0 |      32 |   0.0 |       0 |      15 |   0.0 |  1341
           D:2 |       0 |      54 |   0.0 |       0 |      24 |   0.0 |  2007
           D:3 |       0 |     115 |   0.0 |       0 |      19 |   0.0 |  1689
           D:4 |       0 |     426 |   0.0 |       0 |      17 |   0.0 |  1535
           D:5 |       0 |     697 |   0.0 |       0 |      23 |   0.0 |  1517
           D:6 |       0 |     881 |   0.0 |       0 |      15 |   0.0 |  1498
           D:7 |       0 |     586 |   0.0 |       0 |      14 |   0.0 |  1597
           D:8 |       0 |    1284 |   0.0 |       0 |      25 |   0.0 |  1087
          D:11 |       0 |     526 |   0.0 |       0 |      11 |   0.0 |   435
               +---------+---------+-------+---------+---------+-------+---------

Vault maps used:
D:1:      dpeg_arrival_rhombi
D:3:      first_bread
D:4:      hex_medium
D:5:      nicolae_ossuary_entry_plus, fedhas_bush_and_centaur_altar
D:6:      abandoned_shop, uniq_prince_ribbit1, uniq_edmund
D:7:      minmay_temple_entry_butterflies, the_bakery
D:8:      basic_altar
Ossuary:  ossuary_minmay_chase
